← All builds
Front / Cortex / Economy first / OBSERVED BUILD

Lasher skirmishers

Vehicle Plant opens instead of Bot Lab, and by 2:08 the player commits to Lasher missile trucks (with early Incisor raiding) that push straight to middle and fight there, well ahead of the role's usual T2 constructor timing.

#raid #artillery #push · 17 distinct matches · 11 players · 7% of Cortex Front games · team won 59% of 17 · Recently observed

THE CATCH, AND WHAT COMES WITH IT
  • LasherT1 vehicle skirmishers from 2:08 · 9% of role by thenFrom the Vehicle Plant. Only 9% of Front games have it by then; others who build it get it around 2:33
  • Vehicle PlantVehicle Plant in 100%25% of all Front games by then
  • IncisorIncisor in 100%24% of all Front games by then
  • LasherLasher in 82%8% of all Front games by then
  • IncisorIncisor in 47%13% of all Front games by then

Where those units first fight, in 17 games with kill data: in the middle 100%.

Those units destroy a typical 2,421 metal of enemy units by 15:00.

Then transitions into incisor (18% of army), brute (9% of army).

HOW TO PLAY IT

Key timing: Vehicle Plant by 0:42, Lasher line from 2:08

  1. Skip bot lab, open vehicle plant immediately instead.
  2. Push Incisor raiders out fast before committing further.
  3. Bring Lasher skirmishers to middle far ahead of role norm.
  4. Layer guards and extra mex to hold the wider front.
  5. Transition into Brute-led T1 vehicle assault composition.

Phase by phase

TYPICAL OF ITS 17 GAMES · AGAINST STANDARD FRONT
  1. 1
  2. 2
  3. 3
  4. 4
PLAY THE OPENING

Follow the example game's first 6:00 step by step: what to build now, what comes next, and where it goes. At 1× it keeps pace with your own game.

  1. 1

    Up to the Vehicle Plant

    Economy
    • Metal Extractor2Mex
    Order
    1. Vehicle PlantVehicle Plant after 2 mexdone ~0:48, middle half 0:28–0:51

    Some games also: wind (47%)

    By 0:23 in all: 2 mex

    The example game in this phase · 3 steps
    1. Mex ×3
    2. Wind
    3. Vehicle PlantVehicle Plantdone 0:55 · typical 0:48
  2. 2

    Vehicle Plant to T1 vehicle skirmishers

    Economy
    • Metal Extractor3Mex
    • Wind Turbine1Wind
    Order
    1. LasherT1 vehicle skirmishers after 5 mex, 2 wind
    Builders
    • Construction Vehicle3 Con vehicle +3 vs standard
    Army
    • Rascal4 Rascal +4 vs standard
    • Incisor1 Incisor

    Some games also: pounder (47%)

    The standard build makes here, this one skips: 2 con bot · 3 grunt · 2 thug

    By 2:08 in all: 5 mex · 2 wind

    The example game in this phase · 6 steps
    1. RascalRascal ×5
    2. Construction VehicleCon vehicle
    3. PounderPounder
    4. IncisorIncisor
    5. Mex ×2
    6. LasherLasherdone 2:38
  3. 3

    T1 vehicle skirmishers to 5:00

    Economy
    • Metal Extractor2Mex
    • Wind Turbine4Wind+2 vs standard
    Builders
    • Construction Turret1 Con turret
    Army
    • Guard2 Guard
    • Lasher9 Lasher +9 vs standard

    Some games also: Twin Guard (35%) · con vehicle (35%)

    The standard build makes here, this one skips: 3 aggravator · 3 thug

    By 5:00 in all: 6 mex · 7 wind (standard 5) · 1 con turret

    The example game in this phase · 13 steps
    1. Construction VehicleCon vehicle ×2
    2. Mex
    3. LasherLasher ×2
    4. Dragon's TeethDragon's Teeth ×2
    5. LasherLasher ×3
    6. Wind
    7. Dragon's TeethDragon's Teeth ×2
    8. LasherLasher
    9. Dragon's TeethDragon's Teeth ×2
    10. LasherLasher
    11. Dragon's TeethDragon's Teeth ×3
    12. LasherLasher
    13. Dragon's TeethDragon's Teeth
  4. 4

    5:00 to 10:00

    Economy
    • Metal Extractor1Mex
    • Wind Turbine16Wind
    • Energy Storage1Energy storage
    Builders
    • Construction Turret3 Con turret
    • Construction Vehicle2 Con vehicle +2 vs standard
    Army
    • Guard2 Guard
    • Lasher5 Lasher +5 vs standard
    • Incisor1 Incisor
    Other
    • Radar Tower1 Radar Tower

    Some games also: advanced solar (41%) · brute (35%) · Dragon's Teeth (35%)

    The standard build makes here, this one skips: 7 grunt

    By 10:00 in all: 7 mex · 18 wind · 1 energy storage · 3 con turret

    The example game in this phase · 138 steps
    1. LasherLasher
    2. Mex
    3. AgitatorAgitatordone 7:23
    4. LasherLasher
    5. Wind
    6. Solar
    7. Wind ×2
    8. LasherLasher ×2
    9. Solar
    10. Construction VehicleCon vehicle
    11. Con turret
    12. LasherLasher
    13. Construction VehicleCon vehicle
    14. Dragon's TeethDragon's Teeth
    15. IncisorIncisor
    16. Wind
    17. Dragon's TeethDragon's Teeth ×4
    18. IncisorIncisor
    19. Wind ×2
    20. Dragon's TeethDragon's Teeth
    21. Wind
    22. Dragon's TeethDragon's Teeth ×2
    23. IncisorIncisor
    24. Wind
    25. IncisorIncisor
    26. Wind ×2
    27. Con turret
    28. IncisorIncisor
    29. Wind ×2
    30. IncisorIncisor
    31. Radar TowerRadar Tower
    32. Wind ×2
    33. Con turret
    34. IncisorIncisor
    35. Wind ×2
    36. IncisorIncisor
    37. Wind ×2
    38. IncisorIncisor
    39. Wind
    40. IncisorIncisor
    41. Wind ×2
    42. IncisorIncisor
    43. Wind
    44. IncisorIncisor
    45. Wind
    46. Dragon's TeethDragon's Teeth
    47. Wind ×2
    48. Dragon's TeethDragon's Teeth ×2
    49. IncisorIncisor
    50. Dragon's TeethDragon's Teeth ×3
    51. Wind
    52. IncisorIncisor
    53. Dragon's TeethDragon's Teeth ×2
    54. Wind ×2
    55. Dragon's TeethDragon's Teeth ×3
    56. IncisorIncisor
    57. Wind
    58. Dragon's TeethDragon's Teeth ×3
    59. Wind
    60. Dragon's TeethDragon's Teeth
    61. IncisorIncisor
    62. Dragon's TeethDragon's Teeth
    63. Advanced Metal ExtractorT2 mexdone 10:46 · typical 8:55
    64. Dragon's TeethDragon's Teeth
    65. Energy storage
    66. Wind
    67. Dragon's TeethDragon's Teeth ×2
    68. Wind ×2
    69. GuardGuard ×2
    70. Wind
    71. GuardGuard
    72. Advanced Metal ExtractorT2 mex
    73. Construction VehicleCon vehicle
    74. Con turret
    75. Construction VehicleCon vehicle
    76. GuardGuard
    77. Dragon's TeethDragon's Teeth ×8
    78. Shark's TeethShark's Teeth
    79. Construction VehicleCon vehicle
    80. Advanced Metal ExtractorT2 mex
    81. Con turret
    82. Construction VehicleCon vehicle
    83. Advanced Metal ExtractorT2 mex
    84. Wind ×6
    85. Con turret
    86. Wind
    87. Converter ×2
    88. Advanced Metal ExtractorT2 mex
    89. BruteBrute
    90. Wind ×2
    91. Con turret
    92. Wind ×2
    93. BruteBrute
    94. Bot LabBot Labdone 13:24
    95. Wind
    96. Advanced Metal ExtractorT2 mex
    97. BruteBrute
    98. Con turret
    99. Wind ×2
    100. GraverobberGraverobber
    101. BruteBrute
    102. GraverobberGraverobber
    103. Wind
    104. Con turret
    105. Mex
    106. Wind ×2
    107. Con turret
    108. GraverobberGraverobber
    109. BruteBrute
    110. Converter
    111. GraverobberGraverobber
    112. Wind
    113. BruteBrute
    114. GraverobberGraverobber
    115. Wind
    116. BruteBrute
    117. Advanced Metal ExtractorT2 mex
    118. GruntGrunt
    119. Wind
    120. Con turret
    121. Wind
    122. GruntGrunt
    123. BruteBrute
    124. GruntGrunt
    125. Wind
    126. Converter
    127. GruntGrunt
    128. BruteBrute
    129. GruntGrunt
    130. Wind ×2
    131. BruteBrute
    132. GruntGrunt
    133. Wind ×2
    134. GruntGrunt
    135. Wind ×3
    136. GruntGrunt
    137. BruteBrute
    138. Wind ×3

Counts are medians over the build's games: half of them build more, half fewer. The example game is Godmother13's (36 OS, 30/08/2026); pick another.

Team trades

IN AT LEAST 30% OF ITS GAMES

You hand over

Nothing regular.

You get

  • Tidal Generator4 Tidal from Pondfirst at 0:15 · in 71% of games
  • Advanced Construction Bot1 T2 con bot from Geo or Techfirst at 7:21 · in 71% of games

How it plays out

Typical game of this build against the role’s standard build, running totals by minute

  • This build
  • Standard front

Metal produced

010k20k30k
0:005:0010:0015:00

metal

Enemy metal destroyed

02.5k5k7.5k
0:005:0010:0015:00

metal

Own metal lost

05k10k
0:005:0010:0015:00

metal

17 games.

Show as table
ByMetal produced: This buildMetal produced: Standard frontEnemy metal destroyed: This buildEnemy metal destroyed: Standard frontOwn metal lost: This buildOwn metal lost: Standard front
1:003313310000
2:008958640000
3:0016651632718512086
4:0028212697292352250348
5:0038813807761950505947
6:00496250691191170410081785
7:00599464032050258114272693
8:00714876932544332715483737
9:00828690813516392020474434
10:009754108054190442428045184
11:0011345127354190508233835966
12:0013332149454361529741447104
13:0016096173244485594759577675
14:0019203197285034633171368778
15:0022084225285572690171369802
WHAT THE NUMBERS SAY

Won more often than the standard build while losing dramatically less metal for slightly less destruction.

  • + Own metal lost less than half the standard build by 10:00 and 15:00.
  • + Team win rate well above the role's standard build.
  • − Enemy metal destroyed slightly trails standard at every checkpoint.
  • − Rare opening, only 9% of role games hit Lasher this early.
THE EXAMPLE YOU ARE READING

Godmother13

36.2 OS · 30/08/2026

Open source match ↗

5 received units · includes a constructor
142 metal received · 12091 energy received

Allied construction assistance is unknown. Timings are observations, not a promise of solo reproducibility.

Typical milestones

Vehicle Plant0:48Middle 50%: 0:28–0:51 · n=17
Advanced Metal Extractor8:55Middle 50%: 8:33–10:07 · n=14

Played most by

_X_4games of this buildErilium3games of this buildMischievousDragonGF2games of this build_Hawkey_1game of this build[crd]sisa1game of this build